 Dungeon Crawl Stone Soup version 0.28-a0-655-g4eb62b627b (webtiles) character file.

Game seed: 17472973982360596281

3488 flyleaff the Protected (level 9, -6/82 HPs)
             Began as a Minotaur Berserker on Oct 13, 2021.
             Was an Elder of Trog.
             Mangled by an orc knight (18 damage)
             ... in a bailey.
             The game lasted 00:18:41 (6149 turns).

flyleaff the Protected (Minotaur Berserker)         Turns: 6149, Time: 00:18:42

Health: -6/82      AC: 14    Str: 29    XL:     9   Next: 80%
Magic:  8/8        EV: 10    Int:  4    God:    Trog [****..]
Gold:   282        SH:  0    Dex: 23    Spells: 8/8 levels left

rFire   . . .      SeeInvis .   J - +2 lajatang "Zoph" {spect, rElec Str+3}
rCold   . . .      Faith    .   (shield currently unavailable)
rNeg    . . .      Spirit   .   c - +1 plate armour
rPois   .          Reflect  .   (helmet restricted)
rElec   +          Harm     .   (no cloak)
rCorr   .          Rampage  .   (no gloves)
Will    ++...                   N - +0 pair of boots
Stlth   ..........              n - amulet of regeneration
HPRegen 2.23/turn               C - +6 ring of dexterity
MPRegen 0.11/turn               r - +6 ring of dexterity

@: strong-willed, flying, regenerating, hasted, very quick
A: horns 2, retaliatory headbutt, iridescent scales 1, deformed body, sense
surroundings 1, strong 1
a: Renounce Religion, Berserk, Trog's Hand, Brothers in Arms


You were in a bailey.
You worshipped Trog.
Trog was greatly pleased with you.
You visited 1 branch of the dungeon, and saw 7 of its levels.
You also visited: Bailey.

You collected 1147 gold pieces.
You spent 865 gold pieces at shops.

Inventory:

Hand Weapons
 d - a +5 antimagic spear
 t - a +3 flail of holy wrath
 F - a +0 shortbow
 H - a +0 arbalest
 J - the +2 lajatang "Zoph" (weapon) {spect, rElec Str+3}
   (You bought it in a shop on level 7 of the Dungeon)

   When its wielder attacks, the weapon's spirit leaps out and strikes again.
   The spirit shares a part of any damage it takes with its wielder.
   Str:       It affects your strength (+3).
   rElec:     It insulates you from electricity.
Missiles
 b - 5 curare-tipped darts
 e - 60 sling bullets
 k - 278 stones (quivered)
 l - 182 arrows
 s - 63 bolts
 v - 10 boomerangs
 A - a throwing net
 I - 6 atropa-tipped darts
Armour
 c - a +1 plate armour (worn)
 N - a +0 pair of boots (worn)
Jewellery
 g - a ring of flight
 n - an amulet of regeneration (around neck)
 q - a ring of fire
 r - a +6 ring of dexterity (right hand)
 y - a ring of fire
 C - a +6 ring of dexterity (left hand)
Wands
 p - a wand of iceblast (6)
 L - a wand of polymorph (7)
Scrolls
 a - a scroll of enchant weapon
 j - a scroll of fog
 w - 2 scrolls of blinking
 x - 2 scrolls of fear
 M - a scroll of teleportation
Potions
 f - 2 potions of lignification
 m - 2 potions of magic
 o - a potion of cancellation
 u - a potion of berserk rage
 z - a potion of ambrosia {unknown}
 D - 2 potions of curing
 E - 2 potions of flight
 G - 3 potions of heal wounds {unknown}
 K - 2 potions of might


   Skills:
 + Level 8.8 Fighting
 - Level 3.8 Long Blades
 - Level 2.3(5.4) Polearms
 + Level 7.7(7.9) Staves
 - Level 2.0 Slings
 - Level 3.4 Bows
 + Level 11.0 Armour
 + Level 3.4 Dodging


You had 8 spell levels left.
You didn't know any spells.
Your spell library was empty.

Dungeon Overview and Level Annotations

Branches:
Dungeon (7/15)             Temple (0/1) D:4          Bailey (1/1)

Altars:
Cheibriados
Gozag
Makhleb
Okawaru
Qazlal

Shops:
D:2 ?   D:7 **[


Innate Abilities, Weirdness & Mutations

You have a pair of horns on your head.
You reflexively headbutt those who attack you in melee.
You are partially covered in iridescent scales. (AC +2)
Armour fits poorly on your strangely shaped body.
You passively map a small area around you.
Your muscles are strong. (Str +2)


Message History

The mass of ice explodes!
The iceblast engulfs the orc warrior!
You kill the orc warrior!
Trog accepts your kill.
The iceblast engulfs the orc warrior!
You kill the orc warrior!
Trog accepts your kill.
You hear a shout!
The orc warrior shoots a bolt.
The bolt hits you!
An orc warrior comes into view. It is wielding a +0 glaive.
Your Armour skill increases to level 11!
The orc warrior shoots a bolt.
The bolt completely misses you.
An orc knight comes into view. It is wielding a +0 trident.
There is an empty arch of ancient stone here.
The orc warrior shoots a bolt.
The bolt closely misses you.
There is a gate leading back out of this place here.
You feel yourself speed up.
The orc warrior hits you from afar with a +0 glaive!!
The orc warrior hits you from afar with a +0 halberd.
You are too injured to fight recklessly!
The orc warrior hits you but does no damage.
The orc knight hits you from afar with a +0 trident.
Okay, then.
Your skin crawls.
You feel strong-willed.
The orc warrior hits you from afar with a +0 halberd!
* * * LOW HITPOINT WARNING * * *
The orc knight hits you from afar with a +0 trident!
* * * LOW HITPOINT WARNING * * *
The orc warrior hits you from afar with a +0 glaive!
* * * LOW HITPOINT WARNING * * *
It was a potion of curing.
You feel better.
An orc comes into view. It is wielding a +0 halberd.
The orc warrior barely misses you.
It was a potion of flight.
You feel very buoyant.
You fly up into the air.
The orc warrior hits you from afar with a +0 glaive.
* * * LOW HITPOINT WARNING * * *
The orc knight hits you from afar with a +0 trident!!
You die...

####*##∩## #####
,
....##...##..o..
,≈≈≈..#...#..≈≈≈.
≈o≈≈.......≈≈.≈≈
* ≈
oo≈.......≈)∩.≈
o≈≈.....o.≈≈)≈≈ ,
* , ≈


#ooo# ≈ ≈ * * , *#.∩.#* ##@## * ### You could see an orc knight, 3 orc warriors
and an orc.

Vanquished Creatures
  A komodo dragon (D:7)
  Eustachio (D:6)
  The ghost of pdpol the Skirmisher, an amateur DsCA of Ignis (D:4)
  A steam dragon (D:4)
  Duvessa (D:6)
  A sky beast (D:6)
  2 ice beasts
  3 orc warriors (Bailey)
  4 ogres
  2 necrophages
  A centaur (D:6)
  A phantom (D:5)
  3 bullfrogs (D:6)
  A scorpion (D:5)
  Dowan (D:6)
  A water moccasin skeleton (D:4)
  A howler monkey (D:5)
  A centaur zombie (D:5)
  2 jellies
  2 gnoll shamans (D:6)
  5 hounds
  2 orc priests
  A centaur skeleton (D:7)
  A bullfrog skeleton (D:5)
  Natasha (thrice) (D:2)
  An orc wizard (D:4)
  8 iguanas
  2 scorpion simulacra (D:4)
  A mummy (D:3)
  A howler monkey zombie (D:7)
  A howler monkey skeleton (D:4)
  11 gnolls
  6 adders
  2 hound simulacra (D:4)
  3 shadow imps
  3 white imps
  2 worms (D:3)
  3 dart slugs
  13 orcs
  7 endoplasms
  3 giant cockroaches
  11 goblins
  4 hobgoblins
  7 jackals
  7 kobolds
  6 quokkas
  8 ball pythons
  4 bats
  4 frilled lizards
  2 rats
163 creatures vanquished.

Vanquished Creatures (others)
  9 plants (D:7)
9 creatures vanquished.

Grand Total: 172 creatures vanquished

Notes
Turn   | Place    | Note
-------+----------+-------------------------------------------
     0 | D:1      | flyleaff the Minotaur Berserker began the quest for the
                  | Orb.
     0 | D:1      | Reached XP level 1. HP: 19/19 MP: 0/0
    31 | D:1      | Found a faded altar of an unknown god.
   219 | D:1      | Reached XP level 2. HP: 27/27 MP: 0/1
   293 | D:1      | Reached skill level 1 in Polearms
   505 | D:1      | Reached ** piety under Trog
  1095 | D:2      | Reached XP level 3. HP: 33/33 MP: 0/2
  1115 | D:2      | Found Raubrom's Magic Scroll Shop.
  1119 | D:2      | Bought a scroll of identify for 24 gold pieces
  1142 | D:2      | Noticed Natasha
  1147 | D:2      | Killed Natasha
  1440 | D:2      | Noticed Natasha
  1444 | D:2      | Killed Natasha
  1445 | D:2      | Reached skill level 3 in Armour
  1445 | D:2      | Reached XP level 4. HP: 33/40 MP: 1/3
  1857 | D:2      | Noticed Natasha
  1865 | D:2      | Killed Natasha
  1866 | D:2      | Reached skill level 1 in Staves
  2251 | D:3      | Reached skill level 4 in Armour
  2251 | D:3      | Reached XP level 5. HP: 47/47 MP: 1/4
  2282 | D:3      | Found an iron altar of Okawaru.
  2283 | D:3      | Found a stormy altar of Qazlal.
  2486 | D:3      | Found a snail-covered altar of Cheibriados.
  2487 | D:3      | Identified a scroll of acquirement
  2487 | D:3      | Acquired 803 gold pieces
  2598 | D:3      | Noticed an ogre
  2601 | D:3      | Killed an ogre
  2602 | D:3      | Reached skill level 5 in Fighting
  2602 | D:3      | Reached skill level 5 in Armour
  2602 | D:3      | Reached XP level 6. HP: 32/56 MP: 1/5
  2602 | D:3      | Reached *** piety under Trog
  2715 | D:4      | Noticed a steam dragon
  2727 | D:4      | Killed a steam dragon
  2761 | D:4      | Reached skill level 6 in Armour
  2761 | D:4      | Reached XP level 7. HP: 61/61 MP: 2/6
  2803 | D:4      | Found a runed translucent gate.
  2803 | D:4      | Found a runed translucent gate.
  2803 | D:4      | Found a runed translucent gate.
  3200 | D:4      | Reached skill level 7 in Armour
  3439 | D:4      | Found a staircase to the Ecumenical Temple.
  3555 | D:4      | Noticed pdpol's ghost (amateur DsCA)
  3599 | D:4      | Killed pdpol's ghost
  3607 | D:4      | Reached XP level 8. HP: 71/71 MP: 2/7
  3643 | D:4      | Gained mutation: You have a pair of large horns on your
                  | head. [potion of mutation]
  3643 | D:4      | Gained mutation: You sometimes lose the ability to read
                  | scrolls when taking damage. [potion of mutation]
  3643 | D:4      | Gained mutation: You possess an exceptional clarity of
                  | mind. [potion of mutation]
  3643 | D:4      | Gained mutation: You passively map a small area around you.
                  | [potion of mutation]
  3644 | D:4      | Lost mutation: You sometimes lose the ability to read
                  | scrolls when taking damage. [potion of mutation]
  3644 | D:4      | Lost mutation: You possess an exceptional clarity of mind.
                  | [potion of mutation]
  3644 | D:4      | Lost mutation: You have a pair of large horns on your head.
                  | [potion of mutation]
  3644 | D:4      | Gained mutation: You are partially covered in iridescent
                  | scales. (AC +2) [potion of mutation]
  3644 | D:4      | Gained mutation: Armour fits poorly on your strangely
                  | shaped body. [potion of mutation]
  3644 | D:4      | Gained mutation: Your muscles are strong. (Str +2) [potion
                  | of mutation]
  3679 | D:5      | Entered Level 5 of the Dungeon
  3690 | D:5      | Reached skill level 5 in Staves
  3690 | D:5      | Reached skill level 8 in Armour
  3921 | D:5      | Reached **** piety under Trog
  4005 | D:5      | Found an opulent altar of Gozag.
  4430 | D:5      | Reached skill level 9 in Armour
  4857 | D:6      | Noticed Eustachio
  4907 | D:6      | Killed Eustachio
  4973 | D:6      | Reached XP level 9. HP: 70/81 MP: 2/8
  4986 | D:6      | Reached skill level 10 in Armour
  5133 | D:6      | Noticed Dowan
  5135 | D:6      | Noticed Duvessa
  5154 | D:6      | Killed Duvessa
  5167 | D:6      | Killed Dowan
  5339 | D:6      | Found a burning altar of Makhleb.
  5518 | D:7      | Found Ahee's Assorted Antiques.
  5528 | D:7      | Reached skill level 1 in Bows
  5535 | D:7      | Bought a scroll labelled CIEW SELOT for 24 gold pieces
  5535 | D:7      | Bought a brightly glowing lajatang for 480 gold pieces
  5535 | D:7      | Identified the +2 lajatang "Zoph" {spect, rElec Str+3} (You
                  | bought it in a shop on level 7 of the Dungeon)
  5540 | D:7      | Found Lynychia's General Store.
  5592 | D:7      | Bought 6 atropa-tipped darts for 50 gold pieces
  5592 | D:7      | Bought a potion of might for 56 gold pieces
  5592 | D:7      | Bought a scroll of blinking for 105 gold pieces
  5592 | D:7      | Bought a wand of polymorph (7) for 126 gold pieces
  5672 | D:7      | Noticed a komodo dragon
  5676 | D:7      | Killed a komodo dragon
  5920 | D:7      | Found Addoqoeshi's Armour Emporium.
  6127 | D:7      | Found a flagged portal.
  6137 | Bailey   | Entered a bailey
  6143 | Bailey   | Reached skill level 11 in Armour
  6143 | Bailey   | Noticed an orc knight
  6147 | Bailey   | HP: 3/82 [orc warrior (11)]
  6149 | Bailey   | Mangled by an orc knight

Illustrated notes

Levels and vault maps discovered:
D:1:      lightli_arrival_chessboard, layout_loops_corners,
          chequers_ecumenical_altar_island, hangedman_feature_mirror
D:2:      layout_basic, serial_shops, nicolae_shop_trees, uniq_natasha
D:3:      minmay_chambers_of_twos, layout_basic, slow_altar_2,
          mainiacjoe_overflow_divided_tiny, minmay_misc_feat_hallway
D:4:      layout_loops_cross, minmay_temple_entry_butterflies,
          gammafunk_ghost_icy, grunt_ministairs_12, serial_bayou_ford_a,
          minivault_4, corexii_hall_statues_x
D:5:      layout_basic, nicolae_gozag_cash_rules_everything_around_me
D:6:      layout_rooms, lemuel_coloured_pillars_altar, uniq_duvessa,
          uniq_eustachio
D:7:      layout_loops_cross, serial_shops, nicolae_shop_stone,
          kennysheep_little_box, nicolae_stop_n_shop_1, enter_bailey_7,
          hangedman_decor_riveting, minmay_lizard_king
Bailey:   bailey_polearm_4, bailey

Skill      XL: |  1  2  3  4  5  6  7  8  9 |
---------------+----------------------------+-----
Fighting       | 4 5 6 7 8 |  8.8
Polearms       | 2 |  2.3
Slings         | 2 |  2.0
Armour         | 3 4 5 6 7 9 11 | 11.0
Staves         | 1 2 3 4 6 7 |  7.7
Bows           | 3 |  3.4
Dodging        | 3 |  3.4
Long Blades    | |  3.8

Action                   |  1- 3 |  4- 6 |  7- 9 || total
-------------------------+-------+-------+-------++-------
Melee: Falchion          |    13 |       |       ||    13
       Spear             |    63 |   102 |   282 ||   447
       Headbutt          |    10 |    16 |    92 ||   118
       Lajatang          |       |       |    18 ||    18
Invok: Berserk           |       |       |     1 ||     1
       Trog's Hand       |       |       |     1 ||     1
Evoke: Wand              |       |       |     4 ||     4
  Use: Scroll            |     1 |     4 |    11 ||    16
       Potion            |       |       |     5 ||     5
 Stab: Sleeping          |     1 |       |       ||     1
       Distracted        |       |       |     1 ||     1
Armor: Plate armour      |    37 |    51 |   133 ||   221
Dodge: Dodged            |    22 |    23 |    83 ||   128

Table legend: (Time is in decaauts)
 A = Elapsed time spent in this place.
 B = Non-inter-level travel time spent in this place.
 C = Inter-level travel time spent in this place.
 D = Time resting spent in this place.
 E = Time spent auto-exploring this place.
 F = Levels seen in this place.
 G = Mean time per level.
                   A        B        C        D        E       F      G
               +--------+--------+--------+--------+--------+-----+--------+
         Total |   6128 |   5776 |    352 |      0 |   4811 |   8 |  766.0 |
       Dungeon |   6117 |   5765 |    352 |      0 |   4811 |   7 |  873.9 |
        Bailey |     10 |     10 |      0 |      0 |      0 |   1 |   10.0 |
               +--------+--------+--------+--------+--------+-----+--------+

Top non-repeatable levels by time:
     D:1: 1172 daAuts
     D:5: 1141 daAuts
     D:4: 963 daAuts
     D:3: 789 daAuts
     D:2: 759 daAuts
     D:6: 673 daAuts
     D:7: 617 daAuts
  Bailey: 10 daAuts
